Map: [ESL] Alcyone

Players

Coffee

  • Race: Protoss Protoss
  • Spawn Location: 1:00

Oliveira - Winner!

  • Race: Terran Terran
  • Spawn Location: 7:00

Event: ESL SC2 Masters 2024 Spring (Regional)

VOD

Have the link to the VOD?

Description

Time

  • Played on: April 28, 2024, 7:44 a.m.
  • Length: 10:25

All games in this series

Show
View Real Time Build Order
Export as new Build Order

Coffee Protoss 

Build Orders: 1 Gate Expand 

Get SALT Encoding   

  12  0:00  Probe  
  13  0:12  Probe  
  14  0:19  Pylon  
  14  0:24  Probe  
  15  0:38  Probe (Chrono Boost)  
  15  0:40  Gateway  
  16  0:49  Probe (Chrono Boost)  
  17  0:51  Assimilator  
  17  0:55  Probe (Chrono Boost)  
  19  1:04  Probe  
  19  1:16  Probe  
  20  1:27  Cybernetics Core  
  20  1:37  Nexus  
  20  1:46  Pylon  
  20  1:49  Probe  
  20  1:55  Assimilator  
  20  2:00  Adept (Chrono Boost)  
  20  2:01  Probe  
  21  2:05  Warp Gate  
  23  2:13  Probe  
  24  2:20  Stalker (Chrono Boost)  
  24  2:25  Probe  
  27  2:33  Robotics Facility  
  27  2:37  Probe  
  28  2:47  Stalker  
  28  2:50  Probe (Chrono Boost)  
  32  2:55  Probe (Chrono Boost)  
  32  2:59  Probe (Chrono Boost)  
  32  3:03  Probe (Chrono Boost)  
  32  3:05  Probe  
  35  3:13  Probe  
  35  3:17  Probe  
  37  3:21  Gateway  
  37  3:22  Observer (Chrono Boost)  
  37  3:23  Gateway  
  37  3:26  Probe  
  39  3:29  Probe  
  39  3:33  Pylon  
  40  3:38  Probe  
  41  3:41  Probe  
  41  3:43  Warp Prism (Chrono Boost)  
  44  3:50  Probe  
  44  3:54  Probe  
  46  3:58  Twilight Council  
  46  4:02  Probe  
  47  4:06  Probe  
  47  4:08  Stalker  
  47  4:09  Observer  
  50  4:12  Pylon  
  50  4:14  Probe  
  51  4:18  Probe  
  52  4:24  Charge (Chrono Boost), Nexus  
  52  4:34  Stalker  
  52  4:35  Adept x2  
  58  4:45  Probe x2  
  60  4:47  Pylon  
  60  4:49  Forge  
  60  4:57  Probe x2  
  62  5:04  Sentry x2  
  60  5:09  Probe  
  60  5:12  Protoss Ground Weapons Level 1 (Chrono Boost)  
  61  5:17  Zealot  
  61  5:19  Shield Battery  
  61  5:20  Probe  
  64  5:21  Probe  
  64  5:24  Gateway  
  64  5:25  Gateway  
  65  5:29  Zealot x2  
  65  5:32  Probe  
  65  5:33  Observer  
  65  5:35  Pylon  
  70  5:36  Probe  
  71  5:47  Zealot  
  73  5:50  Pylon  
  73  5:52  Gateway  
  73  5:54  Gateway  
  73  5:56  Zealot, Gateway  
  73  5:57  Zealot  
  77  6:03  Probe x3  
  80  6:08  Gateway  
  80  6:11  Gateway  
  80  6:17  Zealot x2  
  80  6:18  Sentry  
  86  6:23  Pylon  
  86  6:27  Zealot  
  86  6:28  Zealot  
  86  6:31  Pylon  
  90  6:34  Pylon  
  90  6:41  Zealot  
  90  6:42  Zealot x2  
  96  6:50  Zealot x4  
  96  6:52  Zealot  
  106  6:54  Gateway  
  106  6:56  Probe x2  
  74  7:18  Zealot x5  
  74  7:19  Zealot  
  74  7:20  Zealot x2  
  74  7:21  Zealot x2  
  92  7:28  Observer  
  84  7:40  Zealot x4  
  84  7:41  Zealot x3  
  84  7:42  Zealot x3  
  100  7:49  Pylon  
  100  7:51  Pylon  
  88  7:59  Zealot  
  88  8:02  Zealot x7  
  88  8:03  Zealot x3  
  108  8:10  Observer (Chrono Boost)  
  108  8:22  Zealot x2  
  108  8:23  Zealot x7  
  108  8:24  Zealot  
  128  8:27  Sentry  
  118  8:45  Zealot x3  
  118  8:46  Zealot x2, Stalker  
  118  8:47  Zealot x2  
  128  8:48  Zealot  
  118  9:04  Zealot x2  
  118  9:06  Zealot x4  
  118  9:08  Zealot  
  132  9:13  Templar Archives  
  128  9:21  Zealot x2  
  128  9:22  Zealot  
  127  9:25  Zealot x2  
  127  9:26  Zealot  
  127  9:31  Zealot  
  106  9:37  Zealot  
  96  9:41  Zealot x2  
  84  9:52  Zealot x2, Stalker  
  84  9:55  Probe  
  84  9:56  Probe  
  86  10:04  Zealot x2  
  79  10:14  Stalker x2  
Show
View Real Time Build Order
Export as new Build Order

Oliveira Terran - Winner!

Build Orders: Cyclone Opening 

Get SALT Encoding   

  12  0:00  SCV  
  13  0:12  SCV  
  14  0:17  Supply Depot  
  14  0:24  SCV  
  15  0:39  SCV  
  15  0:40  Barracks  
  16  0:46  Refinery  
  16  0:51  SCV  
  17  1:03  SCV  
  18  1:15  SCV  
  19  1:28  Orbital Command, Marine  
  20  1:39  Command Center  
  20  1:48  Reaper  
  20  1:52  Supply Depot  
  21  1:55  SCV  
  22  2:07  SCV  
  22  2:08  Factory  
  23  2:15  Refinery  
  23  2:19  SCV  
  24  2:26  Barracks Reactor  
  24  2:31  SCV  
  24  2:32  Barracks  
  25  2:43  SCV  
  26  2:51  Cyclone  
  26  2:52  Orbital Command  
  26  2:55  SCV  
  29  3:02  Marine x2  
  31  3:07  SCV  
  31  3:11  Orbital Command  
  32  3:20  Barracks Tech Lab, Marine x2  
  32  3:21  SCV  
  32  3:26  Factory Tech Lab  
  35  3:31  Supply Depot  
  35  3:33  SCV  
  36  3:36  SCV  
  36  3:38  Marine x2  
  36  3:39  Stimpack, Marine  
  40  3:44  Siege Tank  
  40  3:47  SCV  
  44  3:48  SCV  
  44  3:49  Supply Depot  
  44  3:56  Marine x2  
  44  3:58  Starport  
  44  4:00  SCV  
  44  4:02  SCV, Marine  
  48  4:06  Bunker  
  49  4:12  SCV  
  49  4:14  SCV  
  51  4:18  Barracks, Marine  
  51  4:19  Marine  
  51  4:23  Engineering Bay  
  53  4:25  SCV  
  53  4:26  SCV  
  55  4:32  Supply Depot  
  55  4:34  Marauder  
  55  4:37  Medivac  
  55  4:38  Marine  
  59  4:41  SCV  
  59  4:42  SCV  
  62  4:47  Refinery  
  62  4:50  Terran Infantry Weapons Level 1  
  62  4:52  Supply Depot  
  62  4:53  Marine  
  62  4:54  SCV  
  62  4:56  SCV  
  64  5:04  Marine  
  64  5:05  Marauder  
  64  5:06  SCV  
  66  5:08  SCV  
  65  5:18  SCV  
  65  5:20  SCV  
  67  5:23  Starport Reactor, Combat Shield  
  67  5:24  Marine  
  67  5:28  Supply Depot, Marine  
  67  5:30  SCV, Marauder  
  67  5:32  SCV  
  67  5:35  Refinery, Marauder  
  70  5:47  Marine x2  
  70  5:48  Factory Reactor  
  70  5:49  SCV x2  
  73  5:52  Marauder  
  73  5:56  Supply Depot  
  77  5:57  Concussive Shells, Marauder  
  77  6:00  Medivac  
  77  6:02  SCV  
  81  6:04  SCV  
  81  6:05  Medivac  
  81  6:06  Marine x2  
  85  6:11  Supply Depot  
  85  6:14  SCV  
  85  6:18  SCV  
  87  6:20  Supply Depot, Marauder x2  
  89  6:26  SCV  
  89  6:29  Marine x2  
  89  6:30  SCV  
  92  6:33  Medivac  
  92  6:39  Viking  
  96  6:41  Marauder  
  96  6:43  Marauder  
  96  6:44  Widow Mine  
  104  6:47  Widow Mine  
  104  6:56  Command Center  
  104  6:58  Marine x2  
  104  7:12  Marine  
  104  7:14  Marine  
  100  7:16  Marine  
  100  7:17  Medivac x2  
  100  7:22  Widow Mine x2  
  106  7:24  Supply Depot  
  106  7:27  Terran Infantry Armor Level 1  
  106  7:29  Barracks  
  106  7:30  Barracks  
  106  7:31  Marauder  
  99  7:38  Marine  
  99  7:39  Marauder  
  100  7:46  Widow Mine x2, Marine  
  100  7:48  SCV x2  
  100  7:49  Ghost Academy  
  100  7:50  Supply Depot  
  107  7:52  Marine  
  104  8:00  Marauder  
  104  8:02  Medivac x2  
  104  8:03  Marine  
  104  8:04  SCV x2  
  113  8:07  Widow Mine  
  113  8:12  Marine x2  
  117  8:15  Widow Mine  
  117  8:17  Orbital Command  
  117  8:19  SCV x2  
  121  8:22  Barracks Tech Lab, Barracks Reactor, Marine, Marauder  
  124  8:30  Marine  
  125  8:41  Marine  
  119  8:42  SCV  
  119  8:43  SCV, Ghost x2  
  119  8:46  Ghost  
  119  8:47  SCV, Marine  
  113  8:58  Widow Mine x2  
  113  8:59  SCV x2, Marine  
  113  9:02  Supply Depot  
  110  9:04  Liberator  
  110  9:05  Marine  
  110  9:06  Liberator  
  117  9:17  Marauder x2, Marine x2  
  115  9:28  Marine x3  
  115  9:31  Widow Mine  
  99  9:37  Marine  
  99  9:38  Orbital Command  
  85  9:39  Orbital Command  
Tags
 
Add a new tag
Caveats
  • Supply blocks, unpowered buildings, or Contaminate may cause inaccurate times.
  • Supply counts are checked every 10 seconds.